AoeStats
← Chchn

Arabia

504906571Analyzed
1v1 RM · 26d ago on Sep 7, 2026· 16m 47s· 2 players
Game mode
Random Map
Map size
Tiny (2 player)
Population
200
Speed
Normal
Resources
Standard
Victory
Conquest
Starting age
Dark Age
Ending age
Imperial Age
RankedLock teamsTeams togetherTeam positionsShared explorationLock speedFull tech treeHidden civsTurbo modeCheats
Victory
Defeat
🇹🇷 Malay · Türkiye
1057
+16
🇺🇾 Khmer · Uruguay
1060
-16
Jon Snow
7:52 Loom
10:07 Feudal Age
9:51 Double-Bit Axe
10:16 Man-at-Arms
13:47 Arson
Chchn
6:58 Loom
9:21 Feudal Age
9:50 Double-Bit Axe
12:49 Fletching
Connection lost

Rejoining the realm…

Still unreachable

The connection could not be restored.

Session expired

The server has moved on; the page needs a fresh start.